 Dungeon Crawl Stone Soup version 0.24-a0-29-g43a6aff (webtiles) character file.

Game seed: 13625755766551099389

1274 ohad the Cleaver (level 8, -9/58 HPs)
             Began as a Formicid Fighter on Feb 2, 2019.
             Was a Follower of Makhleb.
             Mangled by an orc warrior
             ... wielding a +0 mace
              (15 damage)
             ... on level 6 of the Dungeon.
             The game lasted 00:15:19 (6187 turns).

ohad the Cleaver (Formicid Fighter)                 Turns: 6187, Time: 00:15:19

Health: -9/58      AC: 11    Str: 20    XL:     8   Next: 83%
Magic:  8/8        EV: 10    Int:  9    God:    Makhleb [*.....]
Gold:   450        SH: 11    Dex: 17    Spells: 7/7 levels left

rFire    . . .     SeeInvis +   P - +1 war axe of Zin's Envy {flame, MR++ Stlth+}
rCold    . . .     Gourm    .   c - +0 shield
rNeg     . . .     Faith    +   K - +0 plate armour
rPois    .         Spirit   .   (helmet unavailable)
rElec    .         Reflect  .   (no cloak)
rCorr    .         Harm     .   (no gloves)
MR       ++...                  (no boots)
Stlth    ..........             m - amulet of faith
HPRegen  0.19/turn              j - ring of wizardry
MPRegen  0.11/turn              h - ring of flight

@: agile
A: permanent stasis, dig shafts and tunnels, four strong arms, antennae 3
a: Dig, Shaft Self, Renounce Religion, Evoke Flight


You were on level 6 of the Dungeon.
You worshipped Makhleb.
Makhleb was aware of your devotion.
You were not hungry.

You visited 1 branch of the dungeon, and saw 6 of its levels.
You also visited: Ossuary.

You collected 450 gold pieces.

Inventory:

Hand Weapons
 a - a +0 war axe
 i - a +3 flail
 k - a +0 dagger of venom
 n - a +0 flail
 q - a +0 hand axe
 y - a +2 short sword of holy wrath
 P - the +1 war axe of Zin's Envy (weapon) {flame, MR++ Stlth+}
   (You found it on level 5 of the Dungeon)

   It has been specially enchanted to burn those struck by it, causing extra
   injury to most foes and up to half again as much damage against particularly
   susceptible opponents.
   Big, fiery blades are also staple armaments of hydra-hunters.
   It affects your resistance to hostile enchantments.
   It makes you more stealthy.
 Q - a +2 whip of flaming
Missiles
 w - 13 tomahawks (quivered)
 L - a throwing net
 N - 21 bolts
 O - 8 javelins
Armour
 b - a +0 scale mail
 c - a +0 shield (worn)
 B - a +0 chain mail
 K - a +0 plate armour (worn)
Jewellery
 h - a ring of flight (right hand)
 j - a ring of wizardry (left hand)
 m - an amulet of faith (around neck)
Wands
 l - a wand of digging (7)
Scrolls
 o - a scroll of immolation
 p - a scroll of blinking
 r - 2 scrolls of enchant weapon {unknown}
 t - a scroll of enchant armour {unknown}
 u - 2 scrolls of fear {unknown}
 v - 4 scrolls of remove curse
 x - a scroll of fog {unknown}
 C - a scroll of noise {unknown}
 I - a scroll of vulnerability {unknown}
 M - a scroll of magic mapping
Potions
 e - 2 potions of resistance
 g - 9 potions of curing
 s - 4 potions of flight
 z - a potion of agility
 A - a potion of brilliance
 D - a potion of haste
 E - a potion of mutation {unknown}
 F - a potion of berserk rage {unknown}
 G - a potion of ambrosia {unknown}
 H - a potion of might
 J - a potion of cancellation {unknown}
Comestibles
 d - 2 chunks of flesh
 f - 5 rations


   Skills:
 - Level 3.2 Fighting
 + Level 8.3 Axes
 - Level 2.0 Throwing
 - Level 3.2 Armour
 + Level 7.5 Shields


You had 7 spell levels left.
You didn't know any spells.
Your spell library contained the following spells:

 Spells                   Type           Power        Failure   Level  Hunger
 Flame Tongue             Conj/Fire      #....        99%         1    ##.....
 Throw Flame              Conj/Fire      #.....       100%        2    ###....
 Conjure Flame            Conj/Fire      #.......     100%        3    ####...
 Inner Flame              Hex/Fire       #.......     100%        3    ####...
 Sticky Flame             Conj/Fire      #.......     100%        4    #####..
 Fireball                 Conj/Fire      #.........   100%        5    ######.


Dungeon Overview and Level Annotations

Branches:
Dungeon (6/15)             Temple (0/1) D:5

Altars:
Ashenzari
Elyvilon
Fedhas
Makhleb
Wu Jian

Annotations:
D:6 Dowan, Duvessa


Innate Abilities, Weirdness & Mutations

You cannot be hasted, slowed, berserked, paralysed or teleported.
You can dig through walls and to a lower floor.
Your four strong arms can wield two-handed weapons with a shield.
You have a pair of large antennae on your head. (SInv)


Message History

You hit the orc warrior but do no damage.
The orc warrior is lightly wounded.
The orc warrior hits you with a +0 mace!
* * * LOW HITPOINT WARNING * * *
You feel agile all of a sudden. You block the orc warrior's attack.
Okay, then.
Unknown command.
Okay, then.
As you read the scroll labeled CEPUXI TEBLOTI, it crumbles to dust.
You feel as if something is helping you.
It was a scroll of remove curse.
As you read the scroll labeled JECRON ROSM, it crumbles to dust.
The creatures around you are filled with an inner flame!
It was a scroll of immolation.
You block the orc warrior's attack.
As you read the scroll labeled BAZAERREAL, it crumbles to dust.
Your stasis prevents you from teleporting.
It was a scroll of blinking.
The orc warrior hits you with a +0 mace!
You die...

.. .........# ... .......#.#
.... #........### #
.#..####.......... .#
.................#.. ..
#................ #.. #
#.......#..o.#..#.# #.# ##.
#.##.##†@#.....###.. #...
#÷#...##.##?.......# ....
##.####............##.#..##....
.......<..................#....
##...........#..#........).....
######........=##............?
#.........##.......(....?
#..##.....##.............
#...#.#....#.......(.)..#


You could see an orc warrior (inner flame).

Vanquished Creatures
  Menkaure (D:4)
  A sky beast (D:6)
  A centaur (D:6)
  A bullfrog (D:6)
  A scorpion (D:5)
  A crimson imp (D:5)
  A bullfrog zombie (D:6)
  3 hounds
  2 orc priests
  2 iguanas (D:5)
  3 orc wizards
  4 worker ants
  A big kobold zombie (Ossuary)
  2 hound zombies (D:5)
  A hound skeleton (D:5)
  8 mummies (Ossuary)
  A worker ant zombie (D:5)
  A gnoll (D:5)
  12 adders
  A shadow imp (D:3)
  2 oozes
  2 adder skeletons
  3 worms
  3 dart slugs
  2 leopard geckos
  16 orcs
  A ball python (D:1)
  6 giant cockroaches
  2 gnoll zombies (Ossuary)
  7 goblins
  9 hobgoblins
  7 jackals (D:5)
  4 quokkas
  5 bats
  3 frilled lizards
  A giant cockroach zombie (D:5)
  A hobgoblin zombie (Ossuary)
  5 kobolds
  3 kobold zombies (Ossuary)
  An orc zombie (Ossuary)
  9 rats
  2 rat zombies (D:4)
142 creatures vanquished.

Notes
Turn   | Place    | Note
-------+----------+-------------------------------------------
     0 | D:1      | ohad the Formicid Fighter began the quest for the Orb.
     0 | D:1      | Reached XP level 1. HP: 18/18 MP: 1/1
   117 | D:1      | Reached XP level 2. HP: 24/24 MP: 2/2
   548 | D:1      | Reached XP level 3. HP: 29/29 MP: 3/3
  1148 | D:2      | Reached skill level 3 in Axes
  1240 | D:2      | Reached XP level 4. HP: 22/35 MP: 4/4
  2015 | D:3      | Reached XP level 5. HP: 41/41 MP: 5/5
  2041 | D:3      | Found a blossoming altar of Fedhas.
  2102 | D:3      | Found an ornate altar of the Wu Jian Council.
  2136 | D:3      | Reached skill level 4 in Axes
  2136 | D:3      | Reached skill level 5 in Shields
  2378 | D:3      | Found a shattered altar of Ashenzari.
  2797 | D:3      | Reached XP level 6. HP: 44/47 MP: 6/6
  2942 | D:4      | Reached skill level 5 in Axes
  3182 | D:4      | Found a sand-covered staircase.
  3189 | Ossuary  | Entered an ossuary
  3570 | Ossuary  | Reached XP level 7. HP: 40/52 MP: 7/7
  3928 | D:4      | Noticed Menkaure
  3932 | D:4      | Killed Menkaure
  3932 | D:4      | Reached skill level 6 in Axes
  4433 | D:4      | Found a blossoming altar of Fedhas.
  4433 | D:4      | Found a burning altar of Makhleb.
  4438 | D:4      | Became a worshipper of Makhleb the Destroyer
  4747 | D:5      | Entered Level 5 of the Dungeon
  4818 | D:5      | Got a polished war axe
  4819 | D:5      | Identified the cursed +1 war axe of Zin's Envy {flame, MR++
                  | Stlth+} (You found it on level 5 of the Dungeon)
  4863 | D:5      | Reached skill level 1 in Throwing
  4958 | D:5      | Reached XP level 8. HP: 58/58 MP: 8/8
  5036 | D:5      | Reached * piety under Makhleb
  5067 | D:5      | Found a white marble altar of Elyvilon.
  5142 | D:5      | Reached skill level 7 in Axes
  5256 | D:5      | Found a staircase to the Ecumenical Temple.
  5863 | D:6      | Reached skill level 8 in Axes
  5864 | D:6      | Noticed Duvessa
  5865 | D:6      | Noticed Dowan
  6187 | D:6      | Mangled by an orc warrior

Vault maps used:
D:1:      dpeg_arrival_pits, serial_forest, infiniplex_forest_straight_2,
          infiniplex_forest_corner_1, infiniplex_forest_lined_4_way,
          infiniplex_forest_pool, infiniplex_forest_corner_1,
          infiniplex_forest_straight_2, kennysheep_decorative_pillar
D:2:      first_ration, minmay_pentomino_p2
D:3:      nicolae_overflow_crystal_walls, cheibrodos_ashenzari_chains,
          fedhas_altar_fruit_tree
D:4:      gammafunk_temple_overflow_statue, enter_ossuary_4, uniq_menkaure
D:5:      minmay_bubble_buster, kennysheep_mini,
          minmay_temple_entry_statues_pillars
D:6:      marbit_many_paths, minmay_fractal_squares_5, uniq_crazy_yiuf_cottage,
          uniq_duvessa
Ossuary:  ossuary_tomb_3

Skill      XL: |  1  2  3  4  5  6  7  8 |
---------------+-------------------------+-----
Shields        | 4 5 6 7 |  7.5
Axes           | 3 4 5 6 8 |  8.3
Throwing       | 2 |  2.0
Fighting       | |  3.2
Armour         | |  3.2

Action                   |  1- 3 |  4- 6 |  7- 9 || total
-------------------------+-------+-------+-------++-------
Melee: War axe           |   101 |   192 |   197 ||   490
Throw: Tomahawk          |       |     8 |       ||     8
  Use: Scroll            |       |     7 |     6 ||    13
       Potion            |       |     1 |     1 ||     2
  Eat: Chunk             |     1 |     7 |     6 ||    14
       Ration            |       |       |     1 ||     1
Armor: Scale mail        |    37 |    36 |       ||    73
       Chain mail        |       |    22 |    12 ||    34
       Plate armour      |       |       |    78 ||    78
Dodge: Dodged            |    36 |    43 |    33 ||   112
Block: Shield            |    50 |   119 |   107 ||   276

Table legend:
 A = Non-vault XP
 B = Vault XP
 C = Vault XP percentage of total XP
 D = Non-vault monster count
 E = Vault monster count
 F = Vault count percentage of total count
                 A         B        C        D         E       F
            +---------+---------+-------+---------+---------+-------
      Total |    1182 |     639 |  35.1 |     110 |      32 |  22.5
            +---------+---------+-------+---------+---------+-------
        D:1 |      48 |       0 |   0.0 |      25 |       0 |   0.0
        D:2 |      87 |       3 |   3.3 |      17 |       2 |  10.5
        D:3 |     176 |       0 |   0.0 |      16 |       0 |   0.0
        D:4 |     131 |     156 |  54.4 |      22 |       3 |  12.0
        D:5 |     506 |     118 |  18.9 |      28 |       7 |  20.0
        D:6 |     234 |     187 |  44.4 |       2 |       4 |  66.7
    Ossuary |       0 |     175 | 100.0 |       0 |      16 | 100.0
            +---------+---------+-------+---------+---------+-------
